 Dungeon Crawl Stone Soup version 0.25.1-11-g244df3a29b (webtiles) character file.

Game seed: 2500518623717401074

88583 DeepDeath the Tortoise (level 15, -15/96 HPs)
             Began as a Gargoyle Abyssal Knight on Jan 16, 2024.
             Was the Champion of Lugonu.
             Demolished by a catoblepas (17 damage)
             ... on level 14 of the Dungeon on Jan 17, 2024.
             The game lasted 01:56:44 (28185 turns).

DeepDeath the Tortoise (Gargoyle Abyssal Knight)   Turns: 28185, Time: 01:56:45

Health: -15/96     AC: 29    Str: 22    XL:     15   Next: 94%
Magic:  29/31      EV: 15    Int: 13    God:    Lugonu [******]
Gold:   18         SH:  5    Dex: 15    Spells: 14/14 levels left

rFire    + + .     SeeInvis .   w - +6 broad axe (elec)
rCold    . . .     Gourm    .   E - +0 buckler
rNeg     + . .     Faith    .   K - +3 scale mail {MR+}
rPois    ∞         Spirit   .   s - +3 hat "Plog" {MR+ MP+9}
rElec    +         Reflect  .   m - scarf {rC+ rF+}
rCorr    .         Harm     .   S - +0 pair of gloves {archery}
MR       +++..                  (no boots)
Stlth    ..........             q - amulet of the acrobat
HPRegen  0.26/turn              o - +6 ring of dexterity
MPRegen  0.22/turn              O - ring of fire

@: flying
A: big wings, negative energy resistance 1, electricity resistance, unbreathing,
petrification resistance, rot immunity, AC +11
a: Stop Flying, Depart the Abyss, Bend Space, Banish, Corrupt, Enter the Abyss,
Brand Weapon With Distortion, Renounce Religion


You were on level 14 of the Dungeon.
You worshipped Lugonu.
Lugonu was exalted by your worship.
You were not hungry.

You visited 3 branches of the dungeon, and saw 22 of its levels.
You visited the Abyss 1 time.
You also visited: Sewer and Bailey.

You collected 2219 gold pieces.
You spent 2201 gold pieces at shops.

Inventory:

Hand Weapons
 d - a +3 flail of holy wrath
 e - the +6 whip of Goifuod {drain, Int+2}
   (You bought it in a shop on level 2 of the Orcish Mines)

   A truly terrible weapon, it drains the life of those it strikes.
   It affects your intelligence (+2).
 h - a +0 hand axe of freezing
 v - the +12 hand axe of Summertime {vamp, rC+ Int+6}
   (You bought it in a shop on level 2 of the Orcish Mines)

   It inflicts no extra harm, but heals its wielder when it wounds a living foe.
   It affects your intelligence (+6).
   It protects you from cold.
 w - a +6 broad axe of electrocution (weapon)
 V - a +3 lajatang of electrocution
Missiles
 n - 6 javelins
 B - 17 boomerangs
 D - 17 poisoned darts (quivered)
 Z - a curare-tipped dart
Armour
 g - a +0 plate armour of fire resistance
 m - a scarf of resistance (worn)
 s - the +3 hat "Plog" (worn) {MR+ MP+9}
   (You acquired it on level 9 of the Dungeon)

   It affects your resistance to hostile enchantments.
   It affects your magic capacity (+9).
 E - a +0 buckler (worn)
 I - a +4 chain mail of cold resistance
 K - a +3 scale mail of magic resistance (worn)
 S - a +0 pair of gloves of archery (worn)
Magical Staves
 R - an uncursed staff of death {unknown}
Jewellery
 o - a +6 ring of dexterity (left hand)
 q - an amulet of the acrobat (around neck)
 F - an uncursed ring of fire
 N - an uncursed ring of ice
 O - a ring of fire (right hand)
Wands
 i - a wand of acid (4)
 j - a wand of enslavement (4)
 k - a wand of paralysis (27)
 t - a wand of iceblast (6)
 z - a wand of clouds (3)
 A - a wand of polymorph (20)
 J - a wand of digging (2)
 P - a wand of flame (15)
 U - a wand of disintegration (3)
Scrolls
 r - 2 scrolls of magic mapping
 u - 3 scrolls of teleportation
 x - 5 scrolls of enchant armour
 y - 3 scrolls of fog
 C - 4 scrolls of remove curse
 G - 3 scrolls of fear
 H - 4 scrolls of identify
 T - a scroll of holy word
Potions
 a - 3 potions of stabbing
 b - 2 potions of heal wounds
 c - 7 potions of curing
 l - 2 potions of cancellation
 p - 4 potions of haste
 M - a potion of ambrosia
 Q - a potion of mutation {unknown}
Comestibles
 f - 34 rations
 L - a chunk of flesh


   Skills:
 - Level 12.0 Fighting
 * Level 9.4(12.3) Axes
 - Level 14.0(15.1) Maces & Flails
 + Level 5.7 Throwing
 - Level 17.0 Armour
 - Level 7.0 Dodging
 - Level 6.0 Shields
 - Level 10.0 Invocations
 - Level 2.0 Evocations


You had 14 spell levels left.
You didn't know any spells.
Your spell library contained the following spells:

 Spells                   Type           Power        Failure   Level  Hunger
 Animate Skeleton         Necr           N/A          50%         1    ##.....
 Corona                   Hex            #......      50%         1    ##.....
 Infusion                 Chrm           #...         50%         1    ##.....
 Pain                     Necr           #...         50%         1    ##.....
 Sting                    Tmut/Pois      #...         50%         1    ##.....
 Ensorcelled Hibernation  Hex/Ice        #.....       65%         2    ###....
 Poisonous Vapours        Pois/Air       #.....       65%         2    ###....
 Shroud of Golubria       Chrm/Tloc      #.....       65%         2    ###....
 Slow                     Hex            #.......     65%         2    ###....
 Song of Slaying          Chrm           #.......     65%         2    ###....
 Ignite Poison            Fire/Tmut/Pois #.......     86%         3    ####...
 Inner Flame              Hex/Fire       #.......     86%         3    ####...
 Mephitic Cloud           Conj/Pois/Air  #.......     86%         3    ####...
 Ozocubu's Armour         Chrm/Ice       #.......     86%         3    ####...
 Portal Projectile        Hex/Tloc       #.....       86%         3    ####...
 Spectral Weapon          Hex/Chrm       #.......     86%         3    ####...
 Static Discharge         Conj/Air       #.......     86%         3    ####...
 Vampiric Draining        Necr           #.........   86%         3    ####...
 Animate Dead             Necr           N/A          99%         4    #####..
 Cause Fear               Hex            #.........   99%         4    #####..
 Leda's Liquefaction      Hex/Erth       #.........   99%         4    #####..
 Olgreb's Toxic Radiance  Pois           #.......     99%         4    #####..
 Agony                    Necr           #.......     100%        5    ######.
 Borgnjor's Vile Clutch   Necr/Erth      #.........   100%        5    ######.
 Lightning Bolt           Conj/Air       #.........   100%        5    ######.
 Silence                  Hex/Air        #.........   100%        5    ######.
 Darkness                 Hex            #.........   100%        6    #######
 Shadow Creatures         Summ           N/A          100%        6    #######
 Ignition                 Fire           #.........   100%        8    #######
 Shatter                  Erth           #.........   100%        9    #######
 Tornado                  Air            #.........   100%        9    #######


Dungeon Overview and Level Annotations

Branches:
Dungeon (14/15)            Temple (0/1) D:5            Lair (6/6) D:10
  Swamp (0/4) Lair:3        Snake (0/4) Lair:3        Slime (0/5) Lair:6
    Orc (2/2) D:10            Elf (0/3) Orc:2        Vaults (0/5) D:13
  Sewer (visited)          Bailey (visited)

Altars:
Ashenzari
Cheibriados
Dithmenos
Elyvilon
Fedhas
Gozag
Makhleb
Okawaru
Qazlal
Sif Muna
Trog
Uskayaw
Wu Jian
Xom
Yredelemnul
Jiyva

Shops:
D:4 [   D:9 [   D:11 ?   D:12 [   D:13 [(:*=   Orc:2 [*(=*(

Annotations:
Lair:3 3 runed translucent doors, Deed's ghost, journeyman MiFi; Deesahac's ghost, journeyman BaFi; Feulaj's ghost, journeyman MiBe; Loywebes's ghost, journeyman MiFi
Lair:6 1 runed translucent door


Innate Abilities, Weirdness & Mutations

You are resistant to torment.
Your stone body is resilient. (AC +11)
You are immune to poison.
Your large and strong wings let you fly indefinitely.
You resist negative energy. (rN+)
You are resistant to electric shocks. (rElec)
You can survive without breathing.
You are immune to petrification.
You are immune to rotting.


Message History

The manticore closely misses you.
The catoblepas breathes a plume of calcifying dust at you.
The blast of calcifying dust hits you.
* * * LOW HITPOINT WARNING * * *
You completely miss the catoblepas.
The catoblepas is almost dead.
You slash the manticore!
Lightning courses through the manticore!
You hit the catoblepas but do no damage.
Lightning courses through the catoblepas!
The manticore bites you!
* * * LOW HITPOINT WARNING * * *
You block the manticore's attack. x2; The catoblepas gores you!
* * * LOW HITPOINT WARNING * * *
The catoblepas breathes a plume of calcifying dust at you.
The blast of calcifying dust hits you but does no damage.
You slash the catoblepas!
The catoblepas is almost dead.
You hit the catoblepas. You slash the manticore! The catoblepas gores you!
You die...

..............
............. ####
#####........... #...#
##...#........#
#.%≈≈###≈≈$.#.(......#
#.≈..≈.≈..≈.#........#
#≈.......≈##......###
#≈.≈Y≈.≈##.......#
+..≈Y@§§§........#
#≈.≈H≈§≈##.......#
#≈......§≈##......#
#.≈..≈.≈..≈.#......#
#.$≈≈###≈≈?.#......#
#...##.##...#......#
#.#####...#####..))..#
#..(.................#
#............######..#


You could see 2 catoblepae and a manticore.

Vanquished Creatures
  Rupert (D:14)
  Agnes (D:14)
  Kirke (D:14)
  2 orc warlords
  Azrael (Orc:2)
  A dire elephant (Lair:6)
  The ghost of Morgon the Blocker, a journeyman GnAE of Okawaru (Lair:1)
  Snorg (Orc:1)
  An ogre mage (Orc:1)
  4 vault guards
  Harold (D:7)
  A catoblepas (Lair:6)
  3 hydras
  A centaur warrior (D:13)
  A death knight (D:14)
  9 two-headed ogres
  13 death yaks
  A deep troll shaman (Lair:6)
  3 orc high priests
  Sonja (D:10)
  A deep elf mage (D:13)
  6 orc knights
  Pikel (D:9)
  3 cyclopes
  2 ugly things
  3 manticores
  12 elephants
  4 orc sorcerers
  2 black mambas (Lair:6)
  3 komodo dragons
  5 spiny frogs
  A gargoyle (D:11)
  A kobold demonologist (D:13)
  A rime drake (Lair:1)
  2 freezing wraiths (D:14)
  8 trolls
  2 polar bears
  17 blink frogs
  13 dream sheep (Lair:5)
  6 hippogriffs
  3 wraiths
  5 hogs
  A centaur simulacrum (D:14)
  5 basilisks
  A vampire (D:11)
  47 yaks
  2 hungry ghosts
  3 wyverns
  A human (D:8)
  A steam dragon (D:10)
  2 fire elementals (Orc:1)
  A warg (Orc:1)
  4 vampire mosquitoes (D:12)
  3 nagas
  An acid dragon (D:13)
  3 hell hounds
  9 porcupines
  12 water moccasins
  A black bear (D:10)
  35 orc warriors
  A slave (D:9)
  5 ice beasts
  2 sky beasts
  A necrophage (D:8)
  4 phantoms
  5 wolves (Lair:6)
  8 centaurs
  16 ogres
  5 crocodiles
  3 big kobolds
  19 bullfrogs
  A water moccasin skeleton (D:7)
  2 scorpions (D:12)
  3 killer bees (D:8)
  A wight (D:13)
  A bullfrog zombie (D:5)
  9 crimson imps
  4 howler monkeys
  6 centaur zombies
  A quasit (D:10)
  5 bullfrog skeletons
  9 hounds
  2 jellies (D:7)
  13 orc priests
  Crazy Yiuf (D:2)
  6 centaur skeletons
  4 iguanas
  17 orc wizards
  11 worker ants
  2 worker ant zombies
  12 adders
  2 river rats
  3 shadow imps
  An adder zombie (D:5)
  2 adder skeletons (D:8)
  2 worms
  2 dart slugs
  5 leopard geckos
  100 orcs
  5 giant cockroaches
  13 goblins
  9 hobgoblins
  5 jackals
  4 quokkas
  6 ball pythons
  4 bats
  8 frilled lizards
  A jackal skeleton (D:4)
  17 kobolds
  18 rats
  A butterfly (Lair:6)
  A plant (Lair:2)
669 creatures vanquished.

Vanquished Creatures (collateral kills)
  A troll (Orc:2)
  A yak (Lair:5)
  3 wargs
  3 orc warriors (Orc:2)
  An orc priest (Orc:2)
  An orc wizard (Orc:2)
  3 orcs (Orc:2)
13 creatures vanquished.

Vanquished Creatures (others)
  A centaur zombie (D:14)
  4 humans (D:14)
  4 yaks (Lair:5)
  2 orcs (D:14)
  21 fungi
  9 plants
41 creatures vanquished.

Grand Total: 723 creatures vanquished

Notes
Turn   | Place    | Note
-------+----------+-------------------------------------------
     0 | Abyss:1  | DeepDeath the Gargoyle Abyssal Knight began the quest for
                  | the Orb.
     0 | Abyss:1  | Reached XP level 1. HP: 14/14 MP: 2/2
    76 | Abyss:1  | Found a corrupted altar of Lugonu.
    90 | Abyss:1  | Found a corrupted altar of Lugonu.
   120 | Abyss:1  | Noticed a catoblepas zombie
   122 | Abyss:1  | Noticed a flying skull
   124 | D:1      | Escaped the Abyss
   184 | D:1      | Reached XP level 2. HP: 19/19 MP: 3/3
   241 | D:1      | Reached * piety under Lugonu
   496 | D:1      | Reached skill level 1 in Throwing
   623 | D:1      | Reached XP level 3. HP: 23/23 MP: 4/4
   895 | D:2      | Noticed an ogre
   925 | D:2      | Killed an ogre
   925 | D:2      | Reached XP level 4. HP: 28/28 MP: 5/5
   998 | D:2      | Reached XP level 5. HP: 31/32 MP: 6/6
  1039 | D:2      | You fall into a shaft and drop 1 floor!
  1051 | D:3      | Reached ** piety under Lugonu
  1068 | D:3      | Reached skill level 5 in Maces & Flails
  1181 | D:3      | Found a stormy altar of Qazlal.
  1329 | D:3      | Reached skill level 1 in Dodging
  1454 | D:3      | Found a glowing drain.
  1482 | D:3      | Reached skill level 1 in Shields
  1495 | D:3      | Reached XP level 6. HP: 14/37 MP: 7/7
  1617 | Sewer    | Entered a sewer
  1802 | Sewer    | Reached *** piety under Lugonu
  2140 | D:2      | Found a faded altar of an unknown god.
  2498 | D:2      | Found a runed translucent door.
  2499 | D:2      | Noticed Crazy Yiuf
  3325 | D:4      | Reached XP level 7. HP: 41/41 MP: 8/8
  3757 | D:4      | Found a shattered altar of Ashenzari.
  3874 | D:4      | Found Ratoufaf's Antique Armour Emporium.
  3878 | D:4      | Bought a glowing ring mail for 182 gold pieces
  3977 | D:4      | Found an ornate altar of the Wu Jian Council.
  3984 | D:4      | Found a shattered altar of Ashenzari.
  3991 | D:4      | Found a white marble altar of Elyvilon.
  3998 | D:4      | Found a snail-covered altar of Cheibriados.
  4005 | D:4      | Found a bloodstained altar of Trog.
  4012 | D:4      | Found a shadowy altar of Dithmenos.
  4017 | D:4      | Found a basalt altar of Yredelemnul.
  4427 | D:5      | Entered Level 5 of the Dungeon
  4588 | D:5      | Reached XP level 8. HP: 42/46 MP: 9/9
  4677 | D:5      | Reached skill level 3 in Armour
  4794 | D:5      | Reached **** piety under Lugonu
  4877 | D:5      | Found a staircase to the Ecumenical Temple.
  5437 | D:6      | Found an iron altar of Okawaru.
  5454 | D:6      | Reached skill level 1 in Evocations
  5560 | D:6      | Found a blossoming altar of Fedhas.
  5749 | D:6      | Found a hide-covered altar of Uskayaw.
  5749 | D:6      | Found a shimmering blue altar of Sif Muna.
  5848 | D:4      | Bought a runed scale mail for 182 gold pieces
  5874 | D:4      | Reached skill level 9 in Armour
  5874 | D:4      | Reached XP level 9. HP: 51/51 MP: 10/10
  5971 | D:7      | Noticed Harold
  5994 | D:7      | Killed Harold
  5994 | D:7      | Reached skill level 10 in Armour
  6106 | D:7      | Reached XP level 10. HP: 56/56 MP: 12/12
  6378 | D:7      | Found a flagged portal.
  6425 | Bailey   | Entered a bailey
  7288 | Bailey   | Reached skill level 5 in Shields
  7416 | Bailey   | Noticed an orc knight
  7432 | Bailey   | Killed an orc knight
  7458 | Bailey   | Got a jewelled executioner's axe
  7638 | D:4      | Bought a glowing leather armour for 130 gold pieces
  8498 | D:8      | Reached skill level 5 in Fighting
  8527 | D:8      | Reached ***** piety under Lugonu
  8873 | D:8      | Found a burning altar of Makhleb.
  8873 | D:8      | Found a shimmering altar of Xom.
  9204 | D:8      | Reached XP level 11. HP: 64/64 MP: 14/14
  9291 | D:9      | Found Nuqaimn's Armour Emporium.
  9653 | D:9      | Noticed Pikel
  9664 | D:9      | Killed Pikel
  9776 | D:9      | Identified a scroll of acquirement
  9776 | D:9      | Acquired the +3 hat "Plog" {MR+ MP+9}
 10030 | D:2      | Paralysed by Crazy Yiuf for 5 turns
 10036 | D:2      | Killed Crazy Yiuf
 10298 | D:10     | Entered Level 10 of the Dungeon
 10298 | D:10     | Noticed Sonja
 10299 | D:10     | Noticed a death yak
 10326 | D:10     | Found an opulent altar of Gozag.
 10512 | D:10     | Found a staircase to the Orcish Mines.
 10558 | D:10     | Killed Sonja
 10558 | D:10     | Reached skill level 11 in Armour
 10723 | D:10     | Noticed a death yak
 10724 | D:10     | Noticed a death yak
 10758 | D:10     | Killed a death yak
 10887 | D:10     | Killed a death yak
 10900 | D:10     | Killed a death yak
 10900 | D:10     | Reached skill level 12 in Armour
 10900 | D:10     | Reached skill level 5 in Dodging
 11065 | D:10     | Found a staircase to the Lair.
 11317 | Lair:1   | Entered Level 1 of the Lair of Beasts
 11647 | Lair:1   | You fall into a shaft and drop 1 floor!
 11713 | Lair:2   | Reached XP level 12. HP: 63/70 MP: 15/15
 12456 | Lair:1   | Reached skill level 5 in Invocations
 12694 | Lair:1   | Found a large runed translucent door.
 12698 | Lair:1   | Found a large runed translucent door.
 12699 | Lair:1   | Noticed Morgon's ghost (journeyman GnAE)
 13096 | Lair:2   | Reached skill level 13 in Armour
 13749 | Lair:3   | Found a runed translucent gate.
 13749 | Lair:3   | Found a runed translucent gate.
 13749 | Lair:3   | Found a runed translucent gate.
 13750 | Lair:3   | Noticed Feulaj's ghost (journeyman MiBe)
 13751 | Lair:3   | Noticed Loywebes's ghost (journeyman MiFi)
 13751 | Lair:3   | Noticed Feulaj's ghost (journeyman MiBe)
 13751 | Lair:3   | Noticed Deed's ghost (journeyman MiFi)
 13751 | Lair:3   | Noticed Deesahac's ghost (journeyman BaFi)
 13767 | Lair:3   | Found a staircase to the Snake Pit.
 13862 | Lair:3   | Found a staircase to the Swamp.
 15063 | Lair:4   | Reached XP level 13. HP: 33/76 MP: 17/17
 15623 | Lair:4   | You fall into a shaft and drop 2 floors!
 15623 | Lair:6   | Entered Level 6 of the Lair of Beasts
 15796 | Lair:6   | Found a runed translucent door.
 15919 | Lair:5   | Reached skill level 14 in Armour
 17279 | Lair:6   | Reached ****** piety under Lugonu
 18351 | D:11     | Reached skill level 10 in Fighting
 18351 | D:11     | Reached skill level 15 in Armour
 18414 | D:11     | Found Lucsod's Magic Scroll Emporium.
 18426 | D:11     | Bought a scroll of identify for 30 gold pieces
 18426 | D:11     | Bought a scroll of identify for 30 gold pieces
 18426 | D:11     | Bought a scroll of identify for 30 gold pieces
 18426 | D:11     | Bought a scroll of teleportation for 45 gold pieces
 18719 | Orc:1    | Entered Level 1 of the Orcish Mines
 19108 | Orc:1    | Gained mutation: Your large and strong wings let you fly
                  | indefinitely. [Gargoyle growth]
 19108 | Orc:1    | Reached XP level 14. HP: 48/88 MP: 20/20
 19225 | Orc:1    | Reached skill level 16 in Armour
 19662 | Orc:1    | Found a shimmering altar of Xom.
 19848 | Orc:2    | Entered Level 2 of the Orcish Mines
 19855 | Orc:2    | Noticed an orc warlord
 19912 | Orc:2    | Found Ceifione's Antique Armour Shoppe.
 19912 | Orc:2    | Noticed an orc warlord
 19912 | Orc:2    | Noticed Azrael
 19913 | Orc:2    | Noticed Snorg
 20897 | Orc:2    | Found Xoongig's Weapon Shoppe.
 20941 | Orc:2    | Killed Azrael
 21689 | Orc:1    | Killed an orc warlord
 22274 | Orc:1    | Killed Snorg
 23163 | Orc:2    | Found Cofrie's Mass Market.
 23463 | Orc:2    | Found Eviuzam's Antique Weapon Boutique.
 23487 | Orc:2    | Bought a glowing war axe for 175 gold pieces
 23487 | Orc:2    | Bought a polished whip for 202 gold pieces
 23487 | Orc:2    | Bought a translucent hand axe for 216 gold pieces
 23494 | Orc:2    | Identified the +6 whip of Goifuod {drain, Int+2} (You
                  | bought it in a shop on level 2 of the Orcish Mines)
 23495 | Orc:2    | Identified the +12 hand axe of Summertime {vamp, rC+ Int+6}
                  | (You bought it in a shop on level 2 of the Orcish Mines)
 23509 | Orc:2    | Found a staircase to the Elven Halls.
 23595 | Orc:2    | Killed an orc warlord
 23595 | Orc:2    | Reached skill level 1 in Axes
 23595 | Orc:2    | Reached skill level 17 in Armour
 23691 | Orc:2    | Found Dozoload's General Store.
 23740 | Orc:2    | Found Zing's Jewellery Emporium.
 23805 | Orc:2    | Bought a scroll of identify for 24 gold pieces
 24003 | Orc:2    | Bought a +3 flail of holy wrath for 326 gold pieces
 24030 | Orc:2    | Bought an uncursed amulet of the acrobat for 360 gold
                  | pieces
 24761 | Lair:6   | Reached XP level 15. HP: 96/96 MP: 22/22
 24776 | Lair:6   | Reached skill level 5 in Throwing
 25017 | Lair:6   | Reached skill level 10 in Invocations
 25029 | Lair:6   | Reached skill level 5 in Axes
 25276 | Lair:6   | Found a viscous altar of Jiyva.
 25383 | Lair:6   | Found a staircase to the Slime Pits.
 25628 | Lair:1   | Killed Morgon's ghost
 25807 | D:11     | Bought a scroll of magic mapping for 52 gold pieces
 26183 | D:12     | Found Itsinusm's Armour Shop.
 26505 | D:13     | Found Niacw's Jewellery Emporium.
 26573 | D:13     | Identified the +3 leather armour of Virtue {rPois} (You
                  | found it on level 13 of the Dungeon)
 26626 | D:13     | Found Rixir's Book Shoppe.
 26817 | D:13     | Found a gate to the Vaults.
 27123 | D:13     | Found Paalyheq's General Store.
 27126 | D:13     | Found Weiholl's Antique Weapon Boutique.
 27424 | D:13     | Found Esimiokh's Antique Armour Boutique.
 27597 | D:13     | Bought a runed broad axe for 217 gold pieces
 27634 | D:14     | Noticed Kirke
 27662 | D:14     | Killed Kirke
 27703 | D:14     | Noticed Rupert
 27718 | D:14     | Killed Rupert
 27985 | D:14     | Noticed Agnes
 28001 | D:14     | Killed Agnes
 28184 | D:14     | HP: 2/96 [catoblepas (8)]
 28185 | D:14     | Demolished by a catoblepas

Illustrated notes

Levels and vault maps discovered:
D:1:      lightli_arrival_noodles, layout_basic
D:2:      layout_basic, chequers_ecumenical_altar_simple_redux,
          roderic_malta_cross, uniq_crazy_yiuf_cottage
D:3:      layout_basic, lemuel_coloured_pillars_altar, portal_sewer_entry_c
D:4:      minmay_chambers_of_fours, layout_basic,
          grunt_temple_overflow_octagram, serial_shops, shop, ashenzari_altar_1
D:5:      layout_cave_pools, temple_pool_b, first_ration, minivault_26
D:6:      layout_basic, nicolae_overflow_crystal_walls,
          gammafunk_temple_overflow_elements, lemuel_statue_altar
D:7:      layout_gridville, enter_bailey_2, uniq_harold
D:8:      layout_gridville, grunt_temple_overflow_champion_of_chaos,
          grunt_livestock
D:9:      layout_roguey, serial_shops, shop, uniq_pikel
D:10:     layout_roguey, dpeg_lair_monsters, david_orc_2,
          nicolae_gozag_seed_capital, uniq_sonja
D:11:     layout_loops_ring, serial_shops,
          nicolae_shop_temple_entry_statues_fountains
D:12:     layout_loops_cross, serial_shops, shop
D:13:     layout_cave_pods, lightli_vaults_fourway_checkpoint, serial_shops,
          kennysheep_little_box, shop, shop, nicolae_shop_crystal, shop,
          nrook_mini_backslash
D:14:     nzn_motion_control, layout_irregular_city, minmay_door_square,
          uniq_agnes, uniq_rupert, uniq_kirke, uniq_nessos
Lair:1:   layout_hall_layers, ebering_ghost_disaster_area
Lair:2:   layout_misc_corridors
Lair:3:   layout_gridlike, swamp_mist, minmay_snake_entry_guardpost_small,
          gammafunk_ghost_cemetery
Lair:4:   layout_regular_city, serial_bayou_shore_b
Lair:5:   layout_gridlike, lemuel_fruit_fields, serial_bayou_shore_b
Lair:6:   grunt_lair_end_beastmaster, layout_regular_city, slime_altar_2
Orc:1:    layout_diamond_mine, basic_altar, nicolae_orc_tapped_out
Orc:2:    grunt_orc_gardens, layout_caves, grunt_orc_garden, grunt_orc_garden,
          grunt_orc_garden, grunt_orc_garden, serial_shops, shop,
          minmay_shop_mass, uniq_snorg, uniq_azrael

Skill      XL: |  1  2  3  4  5  6  7  8  9 10 11 12 13 14 15 |
---------------+----------------------------------------------+-----
Throwing       | 1 2 3 4 5 |  5.7
Maces & Flails | 3 4 5 6 7 11 12 13 14 | 14.0
Dodging        | 1 2 3 5 6 7 |  7.0
Shields        | 1 2 4 5 6 |  6.0
Armour         | 9 10 12 13 15 17 | 17.0
Evocations     | 1 2 |  2.0
Fighting       | 4 5 6 10 12 | 12.0
Invocations    | 3 4 6 8 9 10 | 10.0
Axes           | 3 9 |  9.4

Action                   |  1- 3 |  4- 6 |  7- 9 | 10-12 | 13-15 || total
-------------------------+-------+-------+-------+-------+-------++-------
Melee: Mace              |    33 |       |       |       |       ||    33
       Whip              |    11 |   243 |   182 |       |    65 ||   501
       Flail             |       |       |    75 |  1085 |  1064 ||  2224
       Hand axe          |       |       |       |       |   694 ||   694
       Broad axe         |       |       |       |       |    78 ||    78
Throw: Dart              |     9 |    29 |     5 |    71 |   134 ||   248
       Boomerang         |       |       |       |    80 |    13 ||    93
       Throwing net      |       |       |       |     5 |       ||     5
Invok: Depart the Abyss  |     1 |       |       |       |       ||     1
       Bend Space        |       |       |       |       |    13 ||    13
       Banish            |       |       |       |       |     3 ||     3
 Abil: Fly               |       |       |       |       |     1 ||     1
Evoke: Wand              |       |       |     1 |    11 |    54 ||    66
  Use: Scroll            |     1 |     6 |     9 |    10 |    20 ||    46
       Potion            |       |     4 |     1 |     4 |     8 ||    17
 Stab: Confused          |       |       |     4 |     3 |     1 ||     8
       Paralysed         |       |       |       |       |     3 ||     3
       Petrified         |       |       |       |       |    10 ||    10
       Petrifying        |       |       |       |       |     3 ||     3
  Eat: Chunk             |       |     8 |     8 |    18 |    38 ||    72
       Ration            |       |       |     1 |     3 |     2 ||     6
Armor: Leather armour    |    10 |    55 |    12 |       |       ||    77
       Ring mail         |       |       |    63 |       |       ||    63
       Scale mail        |       |       |     5 |   437 |   746 ||  1188
Dodge: Dodged            |    28 |   109 |    73 |   446 |   928 ||  1584
Block: Buckler           |       |       |    28 |   213 |   371 ||   612
